 Dungeon Crawl Stone Soup version 0.27-a0-522-g46bbb28828 (webtiles) character file.

Game seed: 1317037567882161254

142 kae the Chopper (level 5, 0/46 HPs)
             Began as a Hill Orc Gladiator on Mar 5, 2021.
             Slain by an orc (4 damage)
             ... on level 4 of the Dungeon.
             The game lasted 00:01:55 (3611 turns).

kae the Chopper (Hill Orc Gladiator)                Turns: 3611, Time: 00:01:56

Health: 0/46       AC:  6    Str: 18    XL:     5   Next: 24%
Magic:  5/5        EV: 12    Int:  8    God:
Gold:   130        SH:  0    Dex: 12    Spells: 4/4 levels left

rFire    . . .     SeeInvis .   a - +0 war axe
rCold    . . .     Faith    .   (no shield)
rNeg     . . .     Spirit   .   b - +1 leather armour
rPois    .         Reflect  .   c - +0 helmet
rElec    .         Harm     .   (no cloak)
rCorr    .         Rampage  .   f - +0 pair of gloves
Will     .....                  (no boots)
Stlth    +.........             (no amulet)
HPRegen  0.15/turn              (no ring)
MPRegen  0.09/turn              (no ring)

@: confused, lethally poisoned (0 -> -1)
A: no striking features
a: no special abilities


You were on level 4 of the Dungeon.
You visited 1 branch of the dungeon, and saw 4 of its levels.

You collected 130 gold pieces.

Inventory:

Hand Weapons
 a - a +0 war axe (weapon)
Missiles
 d - 3 throwing nets (quivered)
Armour
 b - a +1 leather armour (worn)
 c - a +0 helmet (worn)
 f - a +0 pair of gloves (worn)
Scrolls
 e - a scroll of teleportation
 i - a scroll of magic mapping
 n - a scroll of fog
Potions
 g - a potion of brilliance
 h - 4 potions of curing
 j - a potion of resistance
 k - 2 potions of degeneration
 o - 3 potions of haste
 p - a potion of might
 r - a potion of invisibility {unknown}


   Skills:
 + Level 4.1 Fighting
 * Level 6.6 Axes
 - Level 1.7 Throwing
 - Level 2.4 Dodging


You had 4 spell levels left.
You didn't know any spells.
Your spell library was empty.

Dungeon Overview and Level Annotations

Branches:
Dungeon (4/15)
 Temple: D:4-7

Altars:
Makhleb
Trog
Vehumet


Message History

You slash the worker ant!
You kill the worker ant!
You feel sick.
Your Fighting skill increases to level 4!
You have reached level 5!
You feel stronger.
You hit the orc but do no damage. The orc barely misses you.
You hit the orc.
The orc is moderately wounded.
You feel sick. The orc hits you but does no damage.
You feel sick.
You feel sick.
You feel sick.
An adder comes into view.
The adder hisses angrily.
You feel sick. The adder bites you.
You hit the adder.
The adder is lightly wounded.
The adder closely misses you. Something hits you but does no damage.
You barely miss the adder.
The adder is lightly wounded.
You miss something. The adder closely misses you. The adder bites you.
You hear some strange, mumbled words.
You are confused.
You slash the adder!
You kill the adder!
You completely miss something.
You bump into the rock wall.
You feel sick. Something hits you but does no damage. The orc misses you.
You bump into the rock wall.
Something hits you but does no damage. The orc misses you.
You bump into the rock wall.
You hear some strange, mumbled words.
A puff of flame appears from out of thin air!
The puff of flame hits you!
* * * LOW HITPOINT WARNING * * *
The orc barely misses you.
You miss something. You barely miss the orc.
Something hits you but does no damage. The orc hits you.
You die...

######.#
#@{....#
#o######
#.#.#
#.#.#
....
#.#.#
#.. ...
#.#.#
### #
#.. ...
#.#.#
#.. ..
#... #.#
#.#.#
#.# ##.#
#... #.#
#.#.#
#.# ...


You could see an orc.

Vanquished Creatures
  A worker ant (D:4)
  3 adders
  5 worms (D:2)
  9 leopard geckos
  2 orcs
  2 ball pythons
  5 giant cockroaches
  8 goblins
  7 hobgoblins
  6 bats
  A frilled lizard (D:2)
  8 kobolds
  7 rats
  A bush (D:1)
65 creatures vanquished.

Notes
Turn   | Place    | Note
-------+----------+-------------------------------------------
     0 | D:1      | kae the Hill Orc Gladiator began the quest for the Orb.
     0 | D:1      | Reached XP level 1. HP: 18/18 MP: 1/1
   210 | D:1      | Reached XP level 2. HP: 23/25 MP: 2/2
   583 | D:1      | Reached skill level 5 in Axes
   608 | D:1      | Reached XP level 3. HP: 29/31 MP: 3/3
  1070 | D:2      | Found a faded altar of an unknown god.
  1335 | D:2      | Found a bloodstained altar of Trog.
  1335 | D:2      | Noticed a moth of wrath
  1366 | D:2      | Reached XP level 4. HP: 25/38 MP: 4/4
  1776 | D:2      | Found a burning altar of Makhleb.
  1789 | D:2      | Found a radiant altar of Vehumet.
  1850 | D:2      | Reached skill level 6 in Axes
  3594 | D:4      | Reached XP level 5. HP: 24/46 MP: 5/5
  3611 | D:4      | Slain by an orc

Illustrated notes

Levels and vault maps discovered:
D:1:      saegor_arrival_simple_a, layout_rooms, supply_closet_lemuel,
          grunt_decor_arrowhead, minmay_hedge_maze
D:2:      layout_rooms, amethyst_overflow_temple_binary,
          chequers_ecumenical_altar_simple_redux, tgw_trog
D:3:      layout_loops_corners
D:4:      layout_basic, serial_shops, shop, shop, uniq_pikel

Skill      XL: |  1  2  3  4 |
---------------+-------------+-----
Fighting       | 3 4 |  4.1
Axes           | 5 6 |  6.6
Throwing       | |  1.7
Dodging        | |  2.4

Action                   |  1- 3 |  4- 6 || total
-------------------------+-------+-------++-------
Melee: War axe           |   190 |   120 ||   310
  Use: Scroll            |    11 |     1 ||    12
 Stab: Sleeping          |       |     1 ||     1
Armor: Leather armour    |    37 |    35 ||    72
Dodge: Dodged            |    96 |    80 ||   176

Table legend: (Time is in decaauts)
 A = Elapsed time spent in this place.
 B = Non-inter-level travel time spent in this place.
 C = Inter-level travel time spent in this place.
 D = Time resting spent in this place.
 E = Time spent auto-exploring this place.
 F = Levels seen in this place.
 G = Mean time per level.
                   A        B        C        D        E       F      G
               +--------+--------+--------+--------+--------+-----+--------+
         Total |   3683 |   3607 |     76 |    296 |   2625 |   4 |  920.8 |
       Dungeon |   3683 |   3607 |     76 |    296 |   2625 |   4 |  920.8 |
               +--------+--------+--------+--------+--------+-----+--------+

Top non-repeatable levels by time:
     D:1: 1350 daAuts
     D:3: 1145 daAuts
     D:2: 1078 daAuts
     D:4: 108 daAuts
